 Dungeon Crawl Stone Soup version 0.21-a0-584-g185da8e (webtiles) character file.

2384 SpeedyPerson7 the Cleaver (level 9, 0/82 HPs)
             Began as a Deep Dwarf Fighter on Dec 21, 2017.
             Was a Follower of Makhleb.
             Slain by a two-headed ogre
             ... wielding a +0 giant club
              (2 damage)
             ... on level 8 of the Dungeon.
             The game lasted 00:05:58 (5296 turns).

SpeedyPerson7 the Cleaver (Deep Dwarf Fighter)      Turns: 5296, Time: 00:05:59

Health: 0/82       AC: 14    Str: 24    XL:     9   Next: 22%
Magic:  9/9        EV:  7    Int:  8    God:    Makhleb [*.....]
Gold:   365        SH: 16    Dex: 12    Spells: 8/8 levels left

rFire    . . .     SeeInvis .   a - +0 war axe
rCold    . . .     Gourm    .   f - +0 large shield
rNeg     . . .     Faith    .   t - +0 chain mail
rPois    .         Spirit   .   c - +0 helmet
rElec    .         Reflect  .   s - +2 cloak
rCorr    .         Harm     .   (no gloves)
MR       +....                  b - +0 pair of boots
Stlth    ..........             (no amulet)
HPRegen  0.00/turn              E - +3 ring of evasion
MPRegen  0.11/turn              v - ring of wizardry

@: non-regenerating
A: damage resistance, heal wounds, sense surroundings 2, no regeneration
a: Heal Wounds, Renounce Religion


You were on level 8 of the Dungeon.
You worshipped Makhleb.
Makhleb was aware of your devotion.
You were not hungry.

You visited 2 branches of the dungeon, and saw 9 of its levels.

You collected 365 gold pieces.

Inventory:

Hand Weapons
 a - a +0 war axe (weapon)
Armour
 b - a +0 pair of boots (worn)
 c - a +0 helmet (worn)
 f - a +0 large shield (worn)
 s - a +2 cloak (worn)
 t - a +0 chain mail (worn)
Jewellery
 v - a ring of wizardry (right hand)
 E - a +3 ring of evasion (left hand)
Wands
 y - a wand of iceblast (7)
Scrolls
 h - 6 scrolls of identify {unknown}
 i - 2 scrolls of blinking {unknown}
 l - 4 scrolls of magic mapping {unknown}
 m - 2 scrolls of immolation {unknown}
 n - a scroll of noise {unknown}
 p - 3 scrolls of amnesia {unknown}
 q - 5 scrolls of remove curse {unknown}
 w - 2 scrolls of acquirement {unknown}
 x - a scroll of fog {unknown}
 A - a scroll of enchant armour {unknown}
 B - 2 scrolls of teleportation {unknown}
Potions
 d - 2 potions of might
 g - 3 potions of cancellation {unknown}
 j - 3 potions of resistance {unknown}
 k - 3 potions of lignification {unknown}
 o - 2 potions of curing {unknown}
 r - a potion of mutation {unknown}
 u - 2 potions of brilliance {unknown}
Comestibles
 e - 13 rations


   Skills:
 + Level 5.9 Fighting
 * Level 9.3 Axes
 - Level 3.2 Armour
 + Level 7.1 Shields
 * Level 5.4 Invocations


You had 8 spell levels left.
You didn't know any spells.

Dungeon Overview and Level Annotations

Branches:
Dungeon (8/15)             Temple (1/1) D:6
   Lair: D:8-11

Altars:
Ashenzari
Cheibriados
Dithmenos
Fedhas
Gozag
Hepliaklqana
Kikubaaqudgha
Makhleb
Nemelex Xobeh
Okawaru
Qazlal
Ru
Sif Muna
Trog
Wu Jian
Xom
Yredelemnul
Zin
The Shining One


Innate Abilities, Weirdness & Mutations

You are resistant to damage.
You can heal yourself by infusing magical energy.
You passively map the area around you.
You do not regenerate.


Message History

The orc priest calls upon Beogh to heal the orc priest.
The orc priest's wounds heal themselves!
You block the two-headed ogre's attack.
The two-headed ogre hits you with a dire flail!
The orc priest hits you but does no damage.
The orc warrior hits you but does no damage.
The orc wizard mumbles some strange words.
The orc wizard blinks!
You hit the two-headed ogre but do no damage.
The two-headed ogre is heavily wounded.
You closely miss the orc warrior. You closely miss the orc priest.
You slash the orc priest!
The orc wizard gestures wildly while chanting.
The orc wizard blinks!
The orc priest calls down the wrath of Beogh upon you.
Beogh smites you!
The two-headed ogre hits you with a giant club!!
* * * LOW HITPOINT WARNING * * *
The two-headed ogre hits you with a dire flail.
You die...

,,, , # , , *
.# , * # * , .#
#. .# , ##.#**,
.# * #.... * .#
######## ** *
##....####.##
#.......
..§...o)O...#
#.###### *
......o@#.#.#
#.#
......§o#.#.#
#.# ,*
....(.(.#.#.#
#.# , ,
$..o....#.#.#
#.# ,* ⌠
........#...##
#.# * ,
..$.....##...#
#.# , *
.......?##...#
#.# ,
,........###..#
#.# * *,* * ,*
#..# #.#


You could see a two-headed ogre, an orc warrior, 2 orc priests and an orc
wizard.

Vanquished Creatures
  Menkaure (D:7)
  Edmund (D:5)
  A water moccasin (D:7)
  A sky beast (D:7)
  An ice beast (D:7)
  An orc warrior (D:6)
  3 centaurs
  4 ogres
  A big kobold (D:7)
  2 bullfrogs (D:6)
  2 scorpions
  3 killer bees (D:7)
  2 howler monkeys (D:4)
  A crimson imp (D:7)
  Crazy Yiuf (D:6)
  3 orc priests
  2 centaur skeletons
  A hound (D:7)
  2 iguanas
  4 orc wizards
  3 worker ants
  A hound zombie (D:7)
  4 gnolls (D:3)
  7 adders
  2 howler monkey skeletons
  A shadow imp (D:7)
  An ooze (D:1)
  An adder zombie (D:7)
  5 worms
  A dart slug (D:2)
  2 leopard geckos
  30 orcs
  3 ball pythons
  4 giant cockroaches
  5 goblins
  3 hobgoblins
  4 jackals
  3 quokkas
  5 bats
  8 frilled lizards
  A jackal skeleton (D:4)
  8 kobolds
  A leopard gecko skeleton (D:6)
  A quokka skeleton (D:3)
  8 rats
149 creatures vanquished.

Vanquished Creatures (others)
  A bullfrog skeleton (D:7)
1 creature vanquished.

Grand Total: 150 creatures vanquished

Notes
Turn   | Place    | Note
-------+----------+-------------------------------------------
     0 | D:1      | SpeedyPerson7 the Deep Dwarf Fighter began the quest for the Orb.
     0 | D:1      | Reached XP level 1. HP: 20/20 MP: 1/1
   100 | D:1      | Reached XP level 2. HP: 27/27 MP: 2/2
   317 | D:1      | Reached skill level 3 in Axes
   490 | D:2      | Reached XP level 3. HP: 26/34 MP: 3/3
  1099 | D:3      | Reached XP level 4. HP: 40/42 MP: 4/4
  1102 | D:3      | Reached skill level 4 in Axes
  1117 | D:3      | Reached XP level 5. HP: 37/49 MP: 5/5
  1588 | D:3      | Found a basalt altar of Yredelemnul.
  1588 | D:3      | Found a shadowy altar of Dithmenos.
  1593 | D:3      | Found a faded altar of an unknown god.
  1595 | D:3      | Found an ancient bone altar of Kikubaaqudgha.
  1597 | D:3      | Found an ornate altar of the Wu Jian Council.
  1637 | D:4      | Reached skill level 5 in Axes
  1676 | D:4      | Reached XP level 6. HP: 49/57 MP: 6/6
  1711 | D:4      | Reached skill level 5 in Shields
  1744 | D:4      | Reached skill level 6 in Axes
  1959 | D:4      | Reached XP level 7. HP: 57/64 MP: 7/7
  2522 | D:5      | Entered Level 5 of the Dungeon
  3128 | D:5      | Noticed Edmund
  3140 | D:5      | Killed Edmund
  3140 | D:5      | Reached skill level 7 in Axes
  3188 | D:5      | Found a hazy altar of Hepliaklqana.
  3189 | D:5      | Found a shimmering altar of Xom.
  3190 | D:5      | Noticed a spectral ugly thing
  3609 | D:6      | Found a staircase to the Ecumenical Temple.
  3624 | D:6      | Reached skill level 5 in Fighting
  3624 | D:6      | Reached XP level 8. HP: 48/74 MP: 8/8
  3629 | Temple   | Entered the Ecumenical Temple
  3688 | Temple   | Became a worshipper of Makhleb the Destroyer
  3743 | D:6      | Reached skill level 8 in Axes
  3955 | D:6      | Reached skill level 1 in Invocations
  4303 | D:6      | Found a runed door.
  4429 | D:6      | Noticed Crazy Yiuf
  4440 | D:6      | Killed Crazy Yiuf
  4778 | D:7      | Noticed Menkaure
  4781 | D:7      | Reached * piety under Makhleb
  4801 | D:7      | Killed Menkaure
  4801 | D:7      | Reached skill level 9 in Axes
  4801 | D:7      | Gained mutation: You passively map the area around you. [Deep Dwarf growth]
  4801 | D:7      | Reached XP level 9. HP: 39/82 MP: 9/9
  4825 | D:7      | Reached skill level 5 in Invocations
  5285 | D:8      | Noticed a two-headed ogre
  5296 | D:8      | HP: 2/82 [two-headed ogre/giant club (28)]
  5296 | D:8      | Slain by a two-headed ogre

Vault maps used:
D:1:      dpeg_arrival_simpleton_c, minmay_misc_feat_hallway, dk_noncrumbling_4
D:2:      minmay_wonky_spiral
D:3:      chequers_temple_overflow_minitemple, first_ration
D:4:      kennysheep_opposing_triangles
D:5:      regret_index_temple_of_mockery, serial_corexii_hall,
          corexii_hall_statues_deadend, corexii_hall_statues_t, uniq_edmund
D:6:      nicolae_overflow_hidden_temple, minmay_temple_entry_purple_smoke,
          uniq_crazy_yiuf_cottage
D:7:      grunt_ogre_cave, uniq_menkaure
D:8:      vehumet_crystals, elyvilon_altar_1
Temple:   dshaligram_water_room_temple

Skill      XL: |  1  2  3  4  5  6  7  8  9 |
---------------+----------------------------+-----
Axes           | 3 4 5 6 7 9 |  9.3
Fighting       | 3 4 5 |  5.9
Shields        | 4 5 6 7 |  7.1
Invocations    | 4 5 |  5.4
Armour         | |  3.2

Action                   |  1- 3 |  4- 6 |  7- 9 || total
-------------------------+-------+-------+-------++-------
Melee: War axe           |   127 |   174 |   301 ||   602
 Abil: Heal Wounds       |     2 |     2 |    13 ||    17
  Eat: Chunk             |       |     4 |     8 ||    12
       Ration            |       |       |     1 ||     1
Armor: Scale mail        |    42 |       |       ||    42
       Chain mail        |     2 |    63 |   102 ||   167
Dodge: Dodged            |    44 |    27 |    73 ||   144
Block: Shield            |    58 |       |       ||    58
       Large shield      |    11 |   144 |   262 ||   417

Table legend:
 A = Spawn XP
 B = Non-spawn XP
 C = Spawn XP percentage of total XP
 D = Spawn monster count
 E = Non-spawn monster count
 F = Spawn count percentage of total count
 G = Total turns spent on level
                    A         B        C        D         E        F      G
               +---------+---------+-------+---------+---------+-------+---------
         Total |       0 |    3407 |   0.0 |       0 |     149 |   0.0 |  5296
               +---------+---------+-------+---------+---------+-------+---------
           D:1 |       0 |      36 |   0.0 |       0 |      21 |   0.0 |   437
           D:2 |       0 |      37 |   0.0 |       0 |      13 |   0.0 |   523
           D:3 |       0 |     247 |   0.0 |       0 |      27 |   0.0 |   660
           D:4 |       0 |     692 |   0.0 |       0 |      35 |   0.0 |   918
           D:5 |       0 |     284 |   0.0 |       0 |       4 |   0.0 |   998
           D:6 |       0 |     671 |   0.0 |       0 |      20 |   0.0 |   895
           D:7 |       0 |    1324 |   0.0 |       0 |      26 |   0.0 |   685
           D:8 |       0 |     116 |   0.0 |       0 |       3 |   0.0 |   111
               +---------+---------+-------+---------+---------+-------+---------
